 Dungeon Crawl Stone Soup version 0.22-a0-430-g6609fc6 (webtiles) character file.

42 suicidejoker the Slasher (level 3, -3/22 HPs)
             Began as a Gargoyle Gladiator on May 27, 2018.
             Slain by Sigmund
             ... wielding a +0 scythe
              (5 damage)
             ... on level 2 of the Dungeon.
             The game lasted 00:02:11 (1205 turns).

suicidejoker the Slasher (Gargoyle Gladiator)       Turns: 1205, Time: 00:02:11

Health: -3/22      AC:  7    Str: 17    XL:     3   Next: 54%
Magic:  3/3        EV: 12    Int:  8    God:
Gold:   13         SH:  0    Dex: 12    Spells: 2/2 levels left

rFire    . . .     SeeInvis .   a - +0 long sword
rCold    . . .     Gourm    .   (no shield)
rNeg     + . .     Faith    .   b - +0 leather armour
rPois    ∞         Spirit   .   c - +0 helmet
rElec    +         Reflect  .   (no cloak)
rCorr    .         Harm     .   (no gloves)
MR       .....                  (no boots)
Stlth    +.........             (no amulet)
HPRegen  0.07/turn              (no ring)
MPRegen  0.08/turn              (no ring)

@: confused
A: negative energy resistance 1, electricity resistance, unbreathing,
petrification resistance, rot immunity, AC +3
a: no special abilities


You were on level 2 of the Dungeon.
You were not hungry.

You visited 1 branch of the dungeon, and saw 2 of its levels.

You collected 13 gold pieces.

Inventory:

Hand Weapons
 a - a +0 long sword (weapon)
Missiles
 d - 3 throwing nets (quivered)
 h - 42 arrows
Armour
 b - a +0 leather armour (worn)
 c - a +0 helmet (worn)
Scrolls
 e - a scroll of noise {unknown}
 g - 2 scrolls of identify {unknown}
 i - a scroll of magic mapping {unknown}
Potions
 j - a potion of heal wounds {unknown}
 k - a potion of curing {unknown}
Comestibles
 f - a ration


   Skills:
 + Level 2.4 Fighting
 * Level 3.2 Long Blades
 - Level 1.7 Throwing
 + Level 1.0 Armour
 * Level 2.8 Dodging
 + Level 1.1 Stealth


You had 2 spell levels left.
You didn't know any spells.
Your spell library was empty.

Dungeon Overview and Level Annotations

Branches:
Dungeon (2/15)

Altars:

Annotations:
D:2 Sigmund


Innate Abilities, Weirdness & Mutations

You are resistant to torment.
Your stone body is resilient. (AC +3)
You are immune to poison.
You resist negative energy. (rN+)
You are resistant to electric shocks. (rElec)
You can survive without breathing.
You are immune to petrification.
You are immune to rotting.


Message History

You are too confused!
You are too confused!
You are too confused!
You are too confused!
You are too confused!
The adder closely misses you. Sigmund completely misses you.
The adder barely misses you. The rat bites you but does no damage.
You miss the adder. The adder bites you but does no damage.
Sigmund hits you but does no damage. The adder barely misses you.
The rat misses you. The rat bites you but does no damage.
The adder bites you but does no damage.
Sigmund hits you from afar with a scythe!
* * * LOW HITPOINT WARNING * * *
The rat barely misses you.
You bump into the rock wall.
The adder completely misses you. The rat bites you but does no damage.
The adder bites you.
* * * LOW HITPOINT WARNING * * *
Sigmund hits you from afar with a scythe.
You die...

##....## ## #.. ##...###
..# #.. ###...## ... #..
###....##
#.##..#####.....##
#..#...........##
...#.......###
#.#.....### ####..@.####
### ##....rS#.# #.#
......r@.#.# #.########
.........#.# ##.#.......
...........####..#.......
...##....................
.###...###..#(.###.......
#..#####...## #.......
... #....)(# #.......


You could see Sigmund, an adder and 2 rats.

Vanquished Creatures
  2 dart slugs
  3 bats
  A giant cockroach (D:1)
  9 hobgoblins
  2 quokkas (D:2)
  4 frilled lizards
  6 goblins
  3 kobolds
  6 rats
36 creatures vanquished.

Notes
Turn   | Place    | Note
-------+----------+-------------------------------------------
     0 | D:1      | suicidejoker the Gargoyle Gladiator began the quest for the Orb.
     0 | D:1      | Reached XP level 1. HP: 12/12 MP: 1/1
   211 | D:1      | Reached XP level 2. HP: 9/17 MP: 2/2
   404 | D:1      | Reached skill level 3 in Long Blades
   668 | D:1      | Reached XP level 3. HP: 20/22 MP: 3/3
   948 | D:2      | Reached skill level 1 in Stealth
  1174 | D:2      | Reached skill level 1 in Armour
  1196 | D:2      | Noticed Sigmund
  1205 | D:2      | Slain by Sigmund

Vault maps used:
D:1:      lightli_arrival_statuegarden
D:2:      serial_curves, eino_curves_01, eino_curves_02, uniq_sigmund

Skill      XL: |  1  2  3 |
---------------+----------+-----
Long Blades    | 3 |  3.2
Stealth        | 1 |  1.1
Armour         | 1 |  1.0
Fighting       | |  2.4
Throwing       | |  1.7
Dodging        | |  2.8

Action                   || total
-------------------------++-------
Melee: Long sword        ||    76
  Eat: Chunk             ||     1
Armor: Leather armour    ||    41
Dodge: Dodged            ||    58
       Rpst.: Long sword ||    14

Table legend:
 A = Spawn XP
 B = Non-spawn XP
 C = Spawn XP percentage of total XP
 D = Spawn monster count
 E = Non-spawn monster count
 F = Spawn count percentage of total count
 G = Total turns spent on level
                    A         B        C        D         E        F      G
               +---------+---------+-------+---------+---------+-------+---------
         Total |       0 |      60 |   0.0 |       0 |      36 |   0.0 |  1205
               +---------+---------+-------+---------+---------+-------+---------
           D:1 |       0 |      40 |   0.0 |       0 |      24 |   0.0 |   918
           D:2 |       0 |      20 |   0.0 |       0 |      12 |   0.0 |   287
               +---------+---------+-------+---------+---------+-------+---------
